 Dungeon Crawl Stone Soup version 0.18.1-5-g4a78601 (webtiles) character file.

477 Ijustatesigmund the Skirmisher (level 6, -1/58 HPs)
             Began as a Minotaur Fighter on May 9, 2016.
             Slain by a wraith (10 damage)
             ... in an ossuary.
             The game lasted 00:06:18 (2924 turns).

Ijustatesigmund the Skirmisher (Minotaur Fighter)   Turns: 2924, Time: 00:06:18

Health: -1/58      AC:  9    Str: 20    XL:     6   Next: 85%
Magic:  5/5        EV:  5    Int:  5    God:
Gold:   86         SH:  9    Dex: 12    Spells: 0 memorised, 5 levels left

rFire  . . .     SeeInvis .     a - +0 war axe
rCold  . . .     Gourm    .     e - +0 chain mail
rNeg   . . .     Faith    .     c - +0 shield
rPois  .         Spirit   .     (helmet restricted)
rElec  .         Dismiss  .     (no cloak)
rCorr  .         Reflect  .     (no gloves)
SustAt .         Harm     .     (no boots)
MR     .....                    (no amulet)
Stlth  ..........               (no ring)
                                (no ring)

@: slowed, very slow, not resistant to hostile enchantments, extremely
unstealthy
A: retaliatory headbutt, horns 2
a: no special abilities


You were in an ossuary.
You were not hungry.

You visited 1 branch of the dungeon, and saw 5 of its levels.
You also visited: Ossuary.

You collected 110 gold pieces.
You spent 24 gold pieces at shops.

Inventory:

Hand Weapons
 a - a +0 war axe (weapon)
Armour
 b - a +0 scale mail
 c - a +0 shield (worn)
 e - a +0 chain mail (worn)
Scrolls
 o - 3 scrolls of teleportation
 q - a scroll of magic mapping
 r - a scroll of identify
 s - a scroll of remove curse
 u - a scroll of fear {unknown}
 w - a scroll of recharging {unknown}
Potions
 d - 3 potions of might
 g - a potion of cure mutation
 h - 3 potions of curing
 j - 2 potions of heal wounds
 k - 2 potions of ambrosia
 l - 4 potions of lignification
 n - 2 potions of haste
 t - a potion of invisibility
 v - a potion of agility
Books
 i - a book of Transfigurations

   Spells                             Type                      Level
   a - Irradiate                      Conjuration/Transmutation    5
   b - Statue Form                    Transmutation/Earth          6
   c - Hydra Form                     Transmutation                6
   d - Dragon Form                    Transmutation                7
Comestibles
 f - 3 bread rations
 m - 4 meat rations
 p - a beef jerky


   Skills:
 + Level 6.6 Fighting
 + Level 6.1 Axes
 + Level 4.4 Armour
 + Level 4.3 Shields


You had 5 spell levels left.
You didn't know any spells.

Dungeon Overview and Level Annotations

Branches:
Dungeon (5/15)
 Temple: D:4-7

Altars:
Dithmenos
Pakellas
Yredelemnul

Shops:
D:4 *(!%}


Innate Abilities, Weirdness & Mutations

You reflexively headbutt those who attack you in melee.
You have a pair of horns on your head.


Message History

The wraith hits you. The wraith drains your vigour!
You feel as though you will be slow longer.
The wraith barely misses you.
You closely miss the wraith. Your headbutt misses the wraith.
The wraith is severely damaged.
The wraith hits you! The wraith drains your vigour!
You feel as though you will be slow longer.
You barely miss the wraith.
The wraith is severely damaged.
The wraith hits you. x2; The wraith drains your vigour!
You feel as though you will be slow longer.
You completely miss the wraith.
The wraith is severely damaged.
You block the wraith's attack. x2
You completely miss the wraith.
The wraith is severely damaged.
The wraith hits you!
* * * LOW HITPOINT WARNING * * *
The wraith hits you!
You die...

## .. ..##
..##### ..##
.##...##...## .
##.?.!.##...# ..
#..???..W...+
...##...!.##@..#
#...##...##...##
#...#####...## .
#.........##...
.#####'#####....
.................
.................
######'''########
#...####


You could see a wraith.

Vanquished Creatures
  Sigmund (D:3)
  Menkaure (D:5)
  Terence (D:3)
  A mummy (Ossuary)
  3 gnolls (D:4)
  A howler monkey skeleton (D:4)
  4 adders
  An adder skeleton (D:4)
  3 worms
  3 dart slugs
  A giant gecko (D:1)
  2 orcs
  3 ball pythons
  3 giant cockroaches
  6 goblins
  9 hobgoblins
  5 jackals
  6 kobolds
  4 quokkas
  6 bats
  5 giant newts
  4 kobold skeletons (Ossuary)
  5 orc skeletons (Ossuary)
  A quokka skeleton (D:4)
  6 rats
85 creatures vanquished.

Notes
Turn   | Place    | Note
--------------------------------------------------------------
     0 | D:1      | Ijustatesigmund the Minotaur Fighter began the quest for the Orb.
     0 | D:1      | Reached XP level 1. HP: 19/19 MP: 0/0
    43 | D:1      | Reached XP level 2. HP: 19/27 MP: 1/1
   534 | D:1      | Reached XP level 3. HP: 34/34 MP: 2/2
   806 | D:2      | Reached XP level 4. HP: 34/41 MP: 3/3
  1003 | D:3      | Noticed Sigmund
  1013 | D:3      | Killed Sigmund
  1013 | D:3      | Reached skill level 5 in Axes
  1013 | D:3      | Reached XP level 5. HP: 32/50 MP: 4/4
  1145 | D:3      | Found a basalt altar of Yredelemnul.
  1165 | D:3      | Found a shadowy altar of Dithmenos.
  1190 | D:3      | Noticed Terence
  1199 | D:3      | Killed Terence
  1199 | D:3      | Reached XP level 6. HP: 48/57 MP: 5/5
  2194 | D:4      | Found a shadowy altar of Dithmenos.
  2219 | D:4      | Found Kemn's General Store.
  2227 | D:4      | Bought a scroll of identify for 24 gold pieces
  2246 | D:4      | Found Zujiptile's Antique Weapon Shop.
  2468 | D:4      | Found Heluczu's Gadget Shop.
  2485 | D:4      | Found Qyposhri's Distillery.
  2552 | D:4      | Found Taphomil's Food Shoppe.
  2698 | D:4      | Found an oddly glowing altar of Pakellas.
  2808 | D:5      | Entered Level 5 of the Dungeon
  2826 | D:5      | Noticed Menkaure
  2833 | D:5      | Killed Menkaure
  2852 | D:5      | Found a sand-covered staircase.
  2862 | Ossuary  | Entered an ossuary
  2862 | Ossuary  | Noticed a wraith
  2862 | Ossuary  | Noticed a wraith
  2862 | Ossuary  | Noticed a wraith
  2907 | Ossuary  | Noticed a wraith
  2924 | Ossuary  | Slain by a wraith

Skill      XL: |  1  2  3  4  5  6 |
---------------+-------------------+-----
Fighting       | 4 6 |  6.6
Axes           | 3 4 5 6 |  6.1
Armour         | 4 |  4.4
Shields        | 4 |  4.3

Action                   |  1- 3 |  4- 6 || total
-------------------------+-------+-------++-------
Melee: War axe           |   102 |   127 ||   229
       Headbutt          |    14 |    21 ||    35
  Use: Scroll            |     7 |     9 ||    16
  Eat: Chunk             |       |     4 ||     4
       Royal jelly       |       |     1 ||     1
       Beef jerky        |       |     1 ||     1
Armor: Scale mail        |    48 |     4 ||    52
       Chain mail        |       |    29 ||    29
Dodge: Dodged            |    37 |    23 ||    60
Block: Shield            |    45 |    54 ||    99
